 Dungeon Crawl Stone Soup version 0.20-a0-277-g7db01f4 (webtiles) character file.

114 Junicave the Sneak (level 4, -3/27 HPs)
             Began as an Octopode Earth Elementalist on Dec 13, 2016.
             Slain by an orc
             ... wielding a +0 club
              (7 damage)
             ... on level 3 of the Dungeon.
             The game lasted 00:14:05 (2597 turns).

Junicave the Sneak (Octopode Earth Elementalist)    Turns: 2597, Time: 00:14:05

Health: -3/27      AC:  1    Str:  7    XL:     4   Next: 98%
Magic:  7/7        EV: 13    Int: 18    God:
Gold:   52         SH:  6    Dex: 12    Spells: 7/8 levels left

rFire  . . .     SeeInvis .     a - +0 short sword
rCold  . . .     Gourm    .     (no shield)
rNeg   . . .     Faith    .     (helmet restricted)
rPois  .         Spirit   .     g - +6 amulet of reflection
rElec  .         Reflect  +     w - ring of loudness (curse)
rCorr  .         Harm     .     (no ring)
MR     .....                    (no ring)
Stlth  ++........               (no ring)
                                (no ring)
                                (no ring)
                                (no ring)
                                (no ring)

@: no status effects
A: almost no armour, stealthy swim, amphibious, 8 rings, constrict 8, camouflage
1, gelatinous body 1
a: no special abilities


You were on level 3 of the Dungeon.
You were not hungry.

You visited 1 branch of the dungeon, and saw 3 of its levels.

You collected 52 gold pieces.

Inventory:

Hand Weapons
 a - a +0 short sword (weapon)
 e - a +0 dagger
 k - a +0 dagger
 l - a +0 dagger
 m - a +0 dagger
 o - a +0 short sword
 q - a +0 whip
 t - a +0 whip
 u - a +0 short sword
 A - a +0 dagger
Missiles
 b - 45 stones (quivered)
 x - 13 bolts
Armour
 s - a +1 robe
Jewellery
 g - a +6 amulet of reflection (around mantle)
 w - a cursed ring of loudness (left tentacle)
Wands
 y - a wand of polymorph (12/24)
Scrolls
 p - a scroll of enchant armour
 v - 3 scrolls of identify
Potions
 f - a potion of mutation
 j - a potion of lignification {unknown}
 n - a potion of invisibility {unknown}
 z - a potion of resistance {unknown}
Books
 d - a book of Geomancy

   Spells                             Type                      Level
   a - Sandblast                      Earth                        1
   b - Passwall                       Transmutation/Earth          2
   c - Stone Arrow                    Conjuration/Earth            3
   d - Petrify                        Transmutation/Earth          4
   e - Lee's Rapid Deconstruction     Earth                        5
Comestibles
 c - 6 bread rations
 h - 4 fruits
 i - a beef jerky
 r - a meat ration


   Skills:
 + Level 0.4 Fighting
 + Level 1.6 Short Blades
 + Level 2.4 Dodging
 + Level 4.2 Stealth
 + Level 0.2 Unarmed Combat
 + Level 2.5 Spellcasting
   Level 1.0 Transmutations
 + Level 3.7 Earth Magic


You had 7 spell levels left.
You knew the following spells:

 Your Spells              Type           Power        Failure   Level  Hunger
a - Sandblast             Erth           ###...       4%          1    #......


Dungeon Overview and Level Annotations

Branches:
Dungeon (3/15)

Altars:
Okawaru


Innate Abilities, Weirdness & Mutations

You cannot wear most types of armour.
You are very stealthy in the water. (Stealth+)
You are amphibious.
You can wear up to eight rings at the same time.
You can use your tentacles to constrict eight enemies at once.
Your skin changes colour to match your surroundings (Stealth+).
Your rubbery body absorbs attacks. (AC +1, EV +1)


Message History

Things that are here:
a dagger; a robe The orc shouts!
The orc barely misses you.
The blink frog blinks!
The blink frog blinks!
The blink frog blinks!
You see here a scroll of enchant armour.
A quokka and a goblin come into view.
The orc hits you with a club.
* * * LOW HITPOINT WARNING * * *
Found a scroll labeled MEUMESOTET.
The quokka bites you but does no damage.
You hit the quokka. Your grab misses the quokka.
The quokka is heavily wounded.
The orc barely misses you.
You closely miss the quokka. Your grab misses the quokka.
The quokka is heavily wounded.
The quokka closely misses you. The orc hits you with a club!
You die...

#.# ... #.#
#.# #.# #.#
#.# .g? #o#
#.# #o# #.#
#.# #r# #o#
#@# #.# #o#
#.#
#o#########.#
#....o.oo...#
###########.#
###


You could see 2 orcs, a quokka and a goblin (sleeping).

Vanquished Creatures
  A gnoll (D:2)
  4 adders (D:2)
  2 worms (D:2)
  2 dart slugs
  An orc (D:2)
  3 giant cockroaches
  8 goblins
  5 hobgoblins
  2 jackals (D:1)
  10 kobolds
  A quokka (D:2)
  A ball python (D:1)
  7 bats
  7 frilled lizards
  6 rats
60 creatures vanquished.

Notes
Turn   | Place    | Note
-------+----------+-------------------------------------------
     0 | D:1      | Junicave the Octopode Earth Elementalist began the quest for the Orb.
     0 | D:1      | Reached XP level 1. HP: 11/11 MP: 3/3
   124 | D:1      | Reached XP level 2. HP: 15/17 MP: 5/5
   523 | D:1      | Reached skill level 3 in Stealth
   641 | D:1      | Reached XP level 3. HP: 19/21 MP: 6/6
  1294 | D:2      | Reached skill level 1 in Short Blades
  1294 | D:2      | Reached XP level 4. HP: 6/27 MP: 4/7
  1749 | D:2      | Reached skill level 4 in Stealth
  1933 | D:2      | Found an iron altar of Okawaru.
  2532 | D:3      | Noticed a blink frog
  2532 | D:3      | an orc wizard changed into a blink frog
  2597 | D:3      | Slain by an orc

Vault maps used:
D:1:      dpeg_arrival_rhombi
D:2:      cheibrodos_helix_gallery, okawaru_metal_pillars_3, first_bread,
          minmay_misc_feat_iff, minmay_circled_x
D:3:      zin_statuary

Skill      XL: |  1  2  3  4 |
---------------+-------------+-----
Stealth        | 3 4 |  4.2
Short Blades   | 1 |  1.6
Fighting       | |  0.4
Dodging        | |  2.4
Unarmed Combat | |  0.2
Spellcasting   | |  2.5
Transmutations | |  1.0
Earth Magic    | |  3.7

Action                   |  1- 3 |  4- 6 || total
-------------------------+-------+-------++-------
Melee: Unarmed           |    11 |       ||    11
       Short sword       |     7 |    50 ||    57
       Constrict         |    22 |    12 ||    34
       Tentacles         |    10 |     9 ||    19
       Dagger            |    70 |     2 ||    72
 Cast: Sandblast         |    10 |    10 ||    20
Evoke: Wand              |       |     1 ||     1
  Use: Scroll            |       |     5 ||     5
 Stab: Sleeping          |     6 |     8 ||    14
  Eat: Chunk             |       |     5 ||     5
Armor: Skin              |     6 |     3 ||     9
Dodge: Dodged            |    50 |    33 ||    83
Block: Other             |    11 |    12 ||    23
       Reflection        |       |     2 ||     2
